 Dungeon Crawl Stone Soup version 0.29-a0-542-g075992c915 (console) character file.

Game seed: 6425998671874273973

53 Banquo the Shield-Bearer (level 4, -1/34 (36) HPs)
             Began as a Meteoran Fighter on June 3, 2022.
             Was a Follower of Hepliaklqana.
             Slain by a wight
             ... wielding a +0 flail
              (6 damage)
             ... on level 3 of the Dungeon.
             The game lasted 00:07:12 (1004 turns).

Banquo the Shield-Bearer (Meteoran Fighter)         Turns: 1004, Time: 00:07:13

HP:   -1/34 (36)    AC:  8    Str: 19    XL:     4   Next: 32%
MP:   5/5           EV:  6    Int: 10    God:    Hepliaklqana [*.....]
Gold: 130           SH: 14    Dex: 13    Spells: 3/3 levels left

rFire   + . .      SeeInvis .   a - +0 war axe
rCold   . . .      Faith    .   e - +1 tower shield
rNeg    . . .      Spirit   .   b - +0 scale mail
rPois   .          Reflect  .   (no helmet)
rElec   .          Harm     .   (no cloak)
rCorr   .          Rampage  .   (no gloves)
Will    .....                   i - +0 pair of boots
Stlth   ..........              (no amulet)
HPRegen 0.11/turn               j - ring of protection from fire
MPRegen 0.09/turn               (no ring)

@: mighty, glowing, drained
A: reduced essence, sense surroundings 1, otherworldly, glowing, explore regen
a: Renounce Religion, Recall Ancestor, Ancestor Identity


You were on level 3 of the Dungeon.
You worshipped Hepliaklqana.
Hepliaklqana was aware of your devotion.
You visited 1 branch of the dungeon, and saw 3 of its levels.

You collected 130 gold pieces.

Inventory:

Hand Weapons
 a - a +0 war axe (weapon)
Armour
 b - a +0 scale mail (worn)
 c - a +0 buckler
 e - a +1 tower shield (worn)
 i - a +0 pair of boots (worn)
Jewellery
 j - a ring of protection from fire (left hand)
Scrolls
 g - a scroll of identify
 k - a scroll of enchant armour
Potions
 f - a potion of brilliance
 h - 2 potions of lignification
 l - a potion of ambrosia


   Skills:
 + Level 3.7 Fighting
 * Level 3.4 Axes
 + Level 4.0 Armour
 + Level 1.0 Dodging
 + Level 4.1 Shields


You had 3 spell levels left.
You didn't know any spells.
Your spell library was empty.

Dungeon Overview and Level Annotations

Branches:
Dungeon (3/15)

Altars:
Hepliaklqana

Annotations:
D:2 Sigmund


Innate Abilities, Weirdness & Mutations

Your life essence is reduced to manifest your ancestor. (-10% HP)
You passively map a small area around you.
You are easily found by Zot.
You glow in the dark.
You regain HP and MP as you explore.


Message History

Numeria barely misses the wight.
Numeria barely misses the wight.
You hit the wight.
The wight is lightly damaged.
Numeria hits the wight.
The wight hits you with a +1 scimitar!
The wight hits Numeria with a +0 flail.
You barely miss the wight.
The wight is lightly damaged.
You hit the wight.
The wight hits Numeria with a +0 great sword!
The wight barely misses you. You block the wight's attack.
Numeria barely misses the wight.
The wight hits Numeria with a +0 great sword!
Numeria is destroyed!
The wight hits you with a +0 dire flail!
You block the wight's attack.
A wight comes into view. It is wielding a +1 short sword.
You slash the wight!
The wight is heavily damaged.
You hit the wight. You block the wight's attack.
The wight hits you with a +1 scimitar!
* * * LOW HITPOINT WARNING * * *
You block the wight's attack.
Unknown command.
The wight attacks as you move away! The wight barely misses you.
The wight hits you but does no damage. The wight attacks as you move away!
The wight hits you with a +1 scimitar.
* * * LOW HITPOINT WARNING * * *
You hit the wight but do no damage.
The wight is heavily damaged.
You barely miss the wight. You block the wight's attack.
Okay, then.
You feel very mighty all of a sudden. The wight hits you but does no damage.
The wight completely misses you. You block the wight's attack.
You slash the wight!
You destroy the wight!
You slash the wight! You hit the wight. You block the wight's attack.
The wight hits you with a +0 flail.
You die... ...####.#########.# *, , )...†...#...##....# *, * , ..........#.##...## * . ........###......# * .. , ............#....# , z.z

###########†#....# ###z.
,* * #)###### *..., #*
########.#########.##....
,
#..(....)....@zz....†....
,
#............zz.....##..#
#..(................#. *
########..........).... *
#...[............
#............##.#
#..............<#
#.............# # *
#.............# *


You could see 4 wights.

Vanquished Creatures
  A wight (D:3)
  2 dart slugs (D:1)
  6 ball pythons
  6 endoplasms
  A giant cockroach (D:1)
  A goblin (D:1)
  8 hobgoblins
  A quokka (D:1)
  3 bats
  2 frilled lizards (D:1)
  3 kobolds
  4 rats
38 creatures vanquished.

Vanquished Creatures (collateral kills)
  A worm (D:3)
  2 ball pythons
  A quokka (D:3)
  2 frilled lizards
  A kobold (D:3)
7 creatures vanquished.

Vanquished Creatures (others)
  An ancestor (D:3)
  6 plants (D:1)
7 creatures vanquished.

Grand Total: 52 creatures vanquished

Notes
Turn   | Place    | Note
-------+----------+-------------------------------------------
     0 | D:1      | Banquo the Meteoran Fighter began the quest for the Orb.
     0 | D:1      | Reached XP level 1. HP: 19/19 MP: 2/2
    92 | D:1      | Reached XP level 2. HP: 26/26 MP: 3/3
   302 | D:2      | Noticed Sigmund
   322 | D:1      | Reached XP level 3. HP: 31/31 MP: 4/4
   397 | D:1      | Found a faded altar of an unknown god.
   426 | D:1      | Prayed at the altar of an unknown god.
   426 | D:1      | Became a worshipper of Hepliaklqana the Forgotten
   426 | D:1      | Reached * piety under Hepliaklqana
   820 | D:3      | Reached XP level 4. HP: 35/36 MP: 5/5
   990 | D:3      | Noticed a wight
   990 | D:3      | Noticed a wight
   990 | D:3      | Noticed a wight
   990 | D:3      | Noticed a wight
   994 | D:3      | Reached skill level 1 in Dodging
   998 | D:3      | Noticed a wight
  1004 | D:3      | Killed a wight
  1004 | D:3      | Slain by a wight

Illustrated notes

Levels and vault maps discovered:
D:1:      roderic_crop_circles_arrival_small, layout_basic,
          dreamdust_ecumenical_altar_statues, serial_rivers,
          chequers_serial_rivers_marsh, chequers_serial_rivers_micro_b,
          chequers_serial_rivers_small_3, chequers_serial_rivers_large_b
D:2:      layout_rooms, minmay_fountain_box, uniq_sigmund
D:3:      layout_basic

Skill      XL: |  1  2  3  4 |
---------------+-------------+-----
Axes           | 3 |  3.4
Shields        | 4 |  4.1
Armour         | 4 |  4.0
Dodging        | 1 |  1.0
Fighting       | |  3.7

Action                   |  1- 3 |  4- 6 || total
-------------------------+-------+-------++-------
Melee: War axe           |    65 |    27 ||    92
  Use: Scroll            |     8 |     1 ||     9
       Potion            |       |     1 ||     1
Armor: Scale mail        |    36 |     9 ||    45
Dodge: Dodged            |    13 |     5 ||    18
Block: Tower shield      |    52 |    24 ||    76
       Buckler           |     1 |       ||     1

Table legend: (Time is in decaauts)
 A = Elapsed time spent in this place.
 B = Non-inter-level travel time spent in this place.
 C = Inter-level travel time spent in this place.
 D = Time resting spent in this place.
 E = Time spent auto-exploring this place.
 F = Levels seen in this place.
 G = Mean time per level.
                   A        B        C        D        E       F      G
               +--------+--------+--------+--------+--------+-----+--------+
         Total |   1073 |   1014 |     59 |      0 |    312 |   3 |  357.7 |
       Dungeon |   1073 |   1014 |     59 |      0 |    312 |   3 |  357.7 |
               +--------+--------+--------+--------+--------+-----+--------+

Top non-repeatable levels by time:
     D:1: 433 daAuts
     D:3: 386 daAuts
     D:2: 253 daAuts
